Get step-by-step instructions on how to execute this build order below. Start the game timer, and the build order will tick by so you can play in parallel with StarCraft on a second screen or mobile device.

Game Time

  0:00

Last Step

  N/A

Next Step

Upcoming Step



Don't want to look back and forth between 2 screens? Try out our Overwolf App, the Spawning Tool Build Advisor to get an in-game overlay with this build!

Complete Build Order

  12  0:01  SCV  
  13  0:19  SCV  
  14  0:26  Supply Depot  
  14  0:36  SCV  
  15  0:56  SCV  
  15  0:59  Barracks  
  16  1:13  SCV  
  16  1:15  Refinery  
  17  1:30  SCV  
  18  1:47  SCV  
  19  2:04  Orbital Command  
  19  2:24  Command Center  
  19  2:54  Marine  
  19  4:06  Factory